 Dungeon Crawl Stone Soup version 0.26-a0-651-gb41185065b (webtiles) character file.

Game seed: 12636932559860862876

1013 P0NYSLAYSTATION the Grave Robber (level 8, -9/66 HPs)
             Began as a Hill Orc Necromancer on Sept 29, 2020.
             Killed from afar by Erolcha (19 damage)
             ... with a bolt of cold
             ... on level 9 of the Dungeon.
             The game lasted 00:44:46 (4619 turns).

P0NYSLAYSTATION the Grave Robber (HONe)             Turns: 4619, Time: 00:44:47

Health: -9/66      AC:  6    Str: 13    XL:     8   Next: 21%
Magic:  4/22       EV: 12    Int: 15    God:
Gold:   135        SH:  5    Dex: 11    Spells: 4/13 levels left

rFire    . . .     SeeInvis .   w - +1 mace (protect)
rCold    . . .     Faith    .   (no shield)
rNeg     . . .     Spirit   .   p - +0 leather armour
rPois    .         Reflect  +   (no helmet)
rElec    .         Harm     .   y - +0 cloak
rCorr    .         Rampage  .   x - +0 pair of gloves "Tickum Ytu" {Stlth+} (curse)
MR       .....                  c - +0 pair of boots
Stlth    ++........             A - amulet of reflection
HPRegen  0.21/turn              j - ring of magical power
MPRegen  0.18/turn              (no ring)

@: hasted and slowed
A: no striking features
a: no special abilities


You were on level 9 of the Dungeon.
You visited 1 branch of the dungeon, and saw 10 of its levels.

You collected 199 gold pieces.
You spent 64 gold pieces at shops.

Inventory:

Hand Weapons
 f - a +0 club
 q - a +0 short sword
 w - a +1 mace of protection (weapon)
Missiles
 k - 16 poisoned darts (quivered)
 m - 118 stones
Armour
 a - a +0 robe
 c - a +0 pair of boots (worn)
 g - a +0 ring mail
 l - a +0 pair of gloves
 p - a +0 leather armour (worn)
 x - the cursed +0 pair of gloves "Tickum Ytu" (worn) {Stlth+}
   (You found it on level 4 of the Dungeon)

   It makes you more stealthy.
   It has a curse placed upon it.
 y - a +0 cloak (worn)
Jewellery
 j - a ring of magical power (left hand)
 A - an amulet of reflection (around neck)
 C - an uncursed amulet of regeneration {unknown}
Wands
 b - a wand of enslavement (4)
 s - a wand of disintegration (12)
 E - a wand of acid (13)
 F - a wand of polymorph (6)
Scrolls
 i - 2 scrolls of remove curse
 o - 2 scrolls of fog
 r - a scroll of immolation
 v - a scroll of enchant armour
 z - a scroll of brand weapon {unknown}
 B - a scroll of identify
 D - a scroll of magic mapping {unknown}
 G - a scroll of holy word {unknown}
Potions
 d - 2 potions of stabbing
 h - 3 potions of degeneration
 n - a potion of mutation
 t - a potion of haste


   Skills:
 + Level 3.8 Fighting
 + Level 4.3 Maces & Flails
 + Level 2.2 Throwing
 + Level 2.1 Armour
 + Level 2.1 Dodging
 + Level 1.6 Stealth
 + Level 3.4 Spellcasting
 + Level 6.1 Necromancy
 + Level 0.1 Evocations


You had 4 spell levels left.
You knew the following spells:

 Your Spells              Type           Power        Failure   Level
a - Pain                  Necr           ###.         1%          1
b - Animate Skeleton      Necr           ###...       1%          1
c - Vampiric Draining     Necr           ###.......   6%          3
d - Animate Dead          Necr           ###.......   19%         4

Your spell library contained the following spells:

 Spells                   Type           Power        Failure   Level
 Agony                    Necr           ###.....     47%         5


Dungeon Overview and Level Annotations

Branches:
Dungeon (10/15)
 Temple: D:4-7         Lair: D:8-11         Orc: D:9-12

Altars:
Vehumet
Xom
Yredelemnul
Zin

Shops:
D:5 **?*

Annotations:
D:9 Erolcha


Message History

Press: ? - help, Shift-Dir - straight line, f/p - orc warrior
Aim: an orc warrior, wielding a +0 mace and wearing a +0 chain mail (almost dead)
You kill the orc warrior!
You feel life coursing into your body.
Erolcha hits you with a +0 giant spiked club.
* * * LOW HITPOINT WARNING * * *
Erolcha is no longer moving quickly.
Erolcha closely misses you.
The worker ant twitches its antennae in your direction.
Casting: Vampiric Draining (dangerous; 6% risk of failure)
Confirm with . or Enter, or press ? or * to list all spells.
Aiming: Vampiric Draining (dangerous; 6% risk of failure)
Press: ? - help, Shift-Dir - straight line, f - orc
Aim: an orc, wielding a +0 flail The orc is almost dead.
You feel life coursing into your body. Erolcha gestures at you while chanting.
The bolt of cold hits the orc!
The orc dies!
The bolt of cold hits you!!
You die...

#................# ... ...
#...####.####....# ##.## #...
#...##.....##....#####.... ....
##...#.......#.#.....#..# .....
##....#.......#..........###..#
#........._................((.#
......#.......#.#.)..(.....((#.
......#.......#..)O.##(.#.(....#
......##.....##.@######..........
.)....####.####..#.....o.....(...
.......................)#........
......###.##.......###..#.....##.
####### #.###..........>#.......
#.....#...a.....#......# #
######.##.#........## #.#.#
..#.........#........# ...#
.(((.....####.......#..


You could see Erolcha and a worker ant.

Vanquished Creatures
  A phantom (D:5)
  A black bear (D:5)
  An orc warrior (D:9)
  A bullfrog (D:7)
  A water moccasin skeleton (D:6)
  A scorpion (D:9)
  A hound (D:5)
  2 jellies
  4 orc wizards
  A bullfrog skeleton (D:5)
  An iguana (D:8)
  3 worker ants
  2 adders
  An ufetubus (D:7)
  An ooze (D:5)
  An adder zombie (D:9)
  An adder skeleton (D:6)
  2 worms
  A dart slug (D:1)
  5 leopard geckos
  15 orcs
  3 giant cockroaches
  5 goblins
  6 hobgoblins
  2 quokkas
  5 bats
  A frilled lizard (D:2)
  A jackal zombie (D:6)
  7 kobolds
  A leopard gecko skeleton (D:5)
  A leopard gecko zombie (D:9)
  2 rats (D:2)
81 creatures vanquished.

Vanquished Creatures (collateral kills)
  An orc warrior (D:9)
  A scorpion (D:9)
  An orc priest (D:9)
  An orc wizard (D:9)
4 creatures vanquished.

Vanquished Creatures (others)
  An orc (D:9)
  A fungus (D:6)
  2 withered plants (D:7)
4 creatures vanquished.

Grand Total: 89 creatures vanquished

Notes
Turn   | Place    | Note
-------+----------+-------------------------------------------
     0 | D:1      | P0NYSLAYSTATION the Hill Orc Necromancer began the quest
                  | for the Orb.
     0 | D:1      | Reached XP level 1. HP: 14/14 MP: 3/3
    24 | D:1      | Learned a level 1 spell: Animate Skeleton
   261 | D:1      | Reached XP level 2. HP: 22/22 MP: 4/4
   615 | D:1      | Reached skill level 1 in Fighting
   939 | D:2      | Reached XP level 3. HP: 17/28 MP: 5/5
  1683 | D:2      | Learned a level 3 spell: Vampiric Draining
  1704 | D:3      | Noticed a phantom
  1994 | D:2      | Reached skill level 1 in Armour
  2075 | D:3      | Reached XP level 4. HP: 32/35 MP: 6/6
  2256 | D:5      | Entered Level 5 of the Dungeon
  2266 | D:5      | Reached skill level 1 in Maces & Flails
  2266 | D:5      | Reached skill level 5 in Necromancy
  2266 | D:5      | Reached XP level 5. HP: 39/41 MP: 8/8
  2323 | D:5      | Reached skill level 1 in Throwing
  2421 | D:5      | Found Wumoev's General Store.
  2426 | D:5      | Found Naumon's General Store.
  2442 | D:5      | Found Gasaf's General Store.
  2443 | D:5      | Found Boezig's Magic Scroll Shop.
  2715 | D:5      | Found a radiant altar of Vehumet.
  2715 | D:5      | Found a shimmering altar of Xom.
  2716 | D:5      | Found a glowing silver altar of Zin.
  2762 | D:6      | Reached XP level 6. HP: 33/48 MP: 9/9
  2880 | D:6      | Noticed a black bear
  2908 | D:5      | Killed a black bear
  3016 | D:5      | Noticed a phantom
  3098 | D:4      | Got a pair of faintly humming gloves
  3109 | D:4      | Identified the cursed +0 pair of gloves "Tickum Ytu"
                  | {Stlth+} (You found it on level 4 of the Dungeon)
  3271 | D:5      | Killed a phantom
  3271 | D:5      | Reached XP level 7. HP: 46/56 MP: 10/10
  3428 | D:5      | Bought a scroll of identify for 22 gold pieces
  3438 | D:5      | Bought a potion of curing for 42 gold pieces
  3794 | D:7      | Learned a level 4 spell: Animate Dead
  4326 | D:9      | Found a basalt altar of Yredelemnul.
  4390 | D:9      | Killed an orc warrior
  4390 | D:9      | Reached skill level 6 in Necromancy
  4390 | D:9      | Reached XP level 8. HP: 43/66 MP: 11/12
  4545 | D:9      | Noticed a troll
  4582 | D:9      | Noticed Erolcha
  4593 | D:10     | Entered Level 10 of the Dungeon
  4600 | D:9      | HP: 2/66 [Erolcha/bolt of cold (23)]
  4609 | D:9      | HP: 3/66 [Erolcha/+0 giant spiked club (17)]
  4619 | D:9      | Killed from afar by Erolcha

Illustrated notes

Levels and vault maps discovered:
D:1:      saegor_arrival_simple_a, layout_loops_ring, bh_walls_and_bars
D:2:      layout_loops_corners, old_standard_altar
D:3:      layout_rooms, lemuel_doored_altar
D:4:      layout_basic, roderic_batcave, serial_bayou_pond_d
D:5:      layout_basic, gammafunk_temple_overflow_claw, minmay_shop_grid_forest,
          minmay_a_box_with_orc_wizards_in_it
D:6:      layout_loops_cross, serial_shops, nicolae_shop_behind_doors,
          chequers_hall_statues_y, uniq_crazy_yiuf_cottage
D:7:      layout_loops_ring, okawaru_ov_weapons_minmay,
          kiku_gazebo_garden_becter, temple_green,
          gammafunk_ghost_berserking_beasts, st_stairs_5
D:8:      layout_layer_cave, trog_ov_bears_minmay, basic_altar, serial_shops,
          kennysheep_little_box, gammafunk_ghost_ooze, kennysheep_generic_room_7
D:9:      layout_rooms, old_standard_altar, uniq_pikel, uniq_erolcha
D:10:     layout_big_octagon, erik_orc_4, serial_gnoll_camp,
          gnoll_camp_medium_01, gnoll_camp_mini_loothouse,
          gnoll_camp_mini_doghouse, gnoll_camp_mini_house, gnoll_camp_mini_shop,
          gnoll_camp_huts_basic, enter_bailey_8, uniq_nergalle

Skill      XL: |  1  2  3  4  5  6  7 |
---------------+----------------------+-----
Fighting       | 1 2 3 |  3.8
Armour         | 1 2 |  2.1
Spellcasting   | 2 3 |  3.4
Maces & Flails | 1 2 3 4 |  4.3
Necromancy     | 5 6 |  6.1
Throwing       | 1 2 |  2.2
Dodging        | 2 |  2.1
Stealth        | |  1.6
Evocations     | |  0.1

Action                   |  1- 3 |  4- 6 |  7- 9 || total
-------------------------+-------+-------+-------++-------
Melee: Unarmed           |     3 |       |       ||     3
       Club              |    55 |       |       ||    55
       Short sword       |    21 |     1 |       ||    22
       Mace              |       |    78 |    87 ||   165
Throw: Dart              |     9 |    17 |    26 ||    52
       Stone             |     8 |    61 |    19 ||    88
       Boomerang         |       |     3 |       ||     3
 Cast: Pain              |    47 |    19 |    28 ||    94
       Animate Skeleton  |    12 |     4 |    11 ||    27
       Vampiric Draining |       |     8 |    10 ||    18
       Animate Dead      |       |       |     5 ||     5
Evoke: Wand              |       |       |     2 ||     2
  Use: Scroll            |     3 |     6 |     5 ||    14
       Potion            |       |       |     5 ||     5
 Stab: Sleeping          |     1 |       |       ||     1
Armor: Robe              |    25 |       |       ||    25
       Leather armour    |    25 |    35 |    40 ||   100
Dodge: Dodged            |    87 |    49 |    70 ||   206
Block: Other             |       |       |    28 ||    28

Table legend: (Time is in decaauts)
 A = Elapsed time spent in this place.
 B = Non-inter-level travel time spent in this place.
 C = Inter-level travel time spent in this place.
 D = Time resting spent in this place.
 E = Time spent auto-exploring this place.
 F = Levels seen in this place.
 G = Mean time per level.
                   A        B        C        D        E       F      G
               +--------+--------+--------+--------+--------+-----+--------+
         Total |   4684 |   4562 |    122 |    521 |   2487 |  10 |  468.4 |
       Dungeon |   4684 |   4562 |    122 |    521 |   2487 |  10 |  468.4 |
               +--------+--------+--------+--------+--------+-----+--------+

Top non-repeatable levels by time:
     D:1: 1221 daAuts
     D:5: 1070 daAuts
     D:2: 774 daAuts
     D:9: 416 daAuts
     D:6: 302 daAuts
     D:4: 301 daAuts
     D:8: 286 daAuts
     D:7: 173 daAuts
     D:3: 134 daAuts
    D:10: 3 daAuts
